 Dungeon Crawl Stone Soup version 0.22-a0-406-g9ff8d77 (webtiles) character file.

20479 Borgoz the Fighter (level 12, -1/113 HPs)
             Began as a Minotaur Berserker on May 8, 2018.
             Was a High Priest of Trog.
             Slain by a cyan ugly thing (6 damage)
             ... on level 13 of the Dungeon.
             The game lasted 00:24:37 (12915 turns).

Borgoz the Fighter (Minotaur Berserker)            Turns: 12915, Time: 00:24:38

Health: -1/113     AC: 11    Str: 29    XL:     12   Next: 45%
Magic:  3/3        EV: 19    Int:  4    God:    Trog [*****.]
Gold:   712        SH: 19    Dex: 16    Spells: 11/11 levels left

rFire    . . .     SeeInvis .   a - +1 hand axe (antimagic)
rCold    . . .     Gourm    .   F - +2 large shield
rNeg     + + .     Faith    +   B - +1 ring mail of Experimentation {rCorr Dex+3 Stlth-}
rPois    .         Spirit   .   L - +0 hat {MR+}
rElec    .         Reflect  .   (no cloak)
rCorr    +         Harm     .   y - +0 pair of gloves
MR       +++..                  S - +0 pair of boots of Wu Jian's Displeasure {rN++}
Stlth    ..........             M - amulet of faith
HPRegen  1.28/turn              u - ring of resist corrosion
MPRegen  0.08/turn              l - +3 ring of evasion

@: mighty, berserk cooldown, regenerating
A: retaliatory headbutt, horns 2
a: Berserk, Trog's Hand, Brothers in Arms, Renounce Religion


You were on level 13 of the Dungeon.
You worshipped Trog.
Trog was extremely pleased with you.
You were very hungry.

You visited 3 branches of the dungeon, and saw 15 of its levels.

You collected 712 gold pieces.

Inventory:

Hand Weapons
 a - a +1 antimagic hand axe (weapon)
Missiles
 o - a throwing net (quivered)
Armour
 y - a +0 pair of gloves (worn)
 B - the +1 ring mail of Experimentation (worn) {rCorr Dex+3 Stlth-}
   (You found it on level 8 of the Dungeon)

   It affects your dexterity (+3).
   It protects you from acid and corrosion.
   It makes you less stealthy.
 F - a +2 large shield (worn)
 L - a +0 hat of magic resistance (worn)
 S - the +0 pair of boots of Wu Jian's Displeasure (worn) {rN++}
   (You found it on level 9 of the Dungeon)

   It greatly protects you from negative energy.
Jewellery
 l - a +3 ring of evasion (right hand)
 u - a ring of resist corrosion (left hand)
 v - an uncursed ring of ice
 E - an uncursed ring of flight
 M - an amulet of faith (around neck)
Wands
 f - a wand of paralysis (14)
 s - a wand of digging (16)
 t - a wand of disintegration (8)
 P - a wand of flame (37)
 T - a wand of acid (7)
 W - a wand of clouds (7)
Scrolls
 b - a scroll of acquirement {unknown}
 d - 3 scrolls of remove curse
 h - 2 scrolls of identify
 i - 3 scrolls of blinking
 m - 3 scrolls of magic mapping {unknown}
 p - 2 scrolls of fear
 q - 4 scrolls of teleportation
 w - 3 scrolls of immolation {unknown}
 A - 2 scrolls of noise {unknown}
 C - 2 scrolls of enchant armour
 J - a scroll of fog {unknown}
 N - a scroll of brand weapon {unknown}
 R - a scroll of enchant weapon {unknown}
Potions
 e - a potion of berserk rage
 j - 6 potions of flight
 k - 4 potions of agility
 n - 4 potions of curing
 r - a potion of lignification
 z - a potion of resistance
 G - a potion of cancellation
 I - a potion of haste
 O - a potion of invisibility
Comestibles
 c - 22 rations
 x - 10 chunks of flesh


   Skills:
 + Level 12.4 Fighting
 + Level 12.3 Axes
 + Level 12.1 Armour
 + Level 11.2 Dodging
 + Level 6.3 Shields


You had 11 spell levels left.
You didn't know any spells.

Dungeon Overview and Level Annotations

Branches:
Dungeon (13/15)            Temple (1/1) D:5            Lair (1/6) D:9
    Orc (0/2) D:11
 Vaults: D:13-14

Altars:
Ashenzari
Cheibriados
Dithmenos
Elyvilon
Fedhas
Gozag
Hepliaklqana
Kikubaaqudgha
Makhleb
Nemelex Xobeh
Okawaru
Qazlal
Ru
Sif Muna
Trog
Uskayaw
Vehumet
Wu Jian
Xom
Yredelemnul
Zin
The Shining One

Shops:
D:7 [   D:10 [


Innate Abilities, Weirdness & Mutations

You reflexively headbutt those who attack you in melee.
You have a pair of horns on your head.


Message History

The cyan ugly thing trunk-slaps you.
* * * LOW HITPOINT WARNING * * *
The cyan ugly thing shocks you!
* * * LOW HITPOINT WARNING * * *
Okay, then.
You feel much better.
The cyan ugly thing completely misses you.
You feel very mighty all of a sudden. The cyan ugly thing trunk-slaps you!
* * * LOW HITPOINT WARNING * * *
The cyan ugly thing shocks you!
* * * LOW HITPOINT WARNING * * *
You block the cyan ugly thing's attack.
The brown ugly thing gurgles horribly!
Your shield prevents you from hitting the cyan ugly thing.
You headbutt the cyan ugly thing, but do no damage.
The cyan ugly thing is moderately wounded.
You feel yourself speed up. The cyan ugly thing trunk-slaps you.
You die...

..##
#....[...###)##...##.#
#..# #......#
#(####.(..#
##.###))....# #(.#
###......<
#.....).#### ##.#
##..... #######.#####
#.# T... #.....#####.#
..J #####....##u#####
J. ##....u.....# .
#...@......#
#..........#
#...<...[..#
#..........#
############


You could see 2 ugly things.

Vanquished Creatures
  Gastronok (D:8)
  A centaur warrior (D:13)
  Erica (D:11)
  2 two-headed ogres
  A manticore (D:11)
  2 centaur zombies
  A gargoyle (D:12)
  2 trolls
  10 slime creatures
  4 hippogriffs
  A vampire (D:10)
  A spriggan (shapeshifter) (D:13)
  10 yaks
  4 wyverns
  Grum (D:8)
  The ghost of p0werm0de the Skirmisher, an amateur DsFi (D:3)
  The ghost of p0werm0de the Skirmisher, an amateur DsFi of Xom (D:4)
  A basilisk (D:13)
  2 hungry ghosts
  An acid dragon (D:11)
  A water moccasin (Lair:1)
  3 porcupines
  A sky beast (D:8)
  6 ice beasts
  6 orc warriors
  2 eyes of draining
  2 black bears
  3 necrophages
  2 phantoms
  8 ogres
  9 centaurs
  2 crocodiles
  4 wolves (D:8)
  2 big kobolds
  9 bullfrogs
  A wyvern zombie (D:13)
  A gnoll sergeant (D:9)
  2 wyvern skeletons
  5 scorpions
  A water moccasin skeleton (D:4)
  10 killer bees (D:8)
  3 wights (D:7)
  11 howler monkeys
  4 crimson imps
  4 jellies
  13 orc wizards
  3 bullfrog skeletons
  A bullfrog zombie (D:13)
  2 quasits
  5 orc priests
  2 centaur skeletons (D:9)
  12 hounds
  5 iguanas
  13 worker ants
  2 hound skeletons
  A howler monkey skeleton (D:6)
  A howler monkey zombie (D:6)
  9 gnolls
  12 adders
  A shadow imp (D:6)
  7 oozes
  An adder skeleton (D:6)
  4 worms
  3 dart slugs
  6 leopard geckos
  49 orcs
  A ball python (D:1)
  5 bats
  3 giant cockroaches
  10 goblins
  8 hobgoblins
  14 jackals
  18 kobolds
  8 quokkas
  8 frilled lizards
  2 gnoll zombies (D:3)
  A leopard gecko skeleton (D:4)
  2 quokka skeletons
  9 rats
  3 fungi (D:9)
394 creatures vanquished.

Notes
Turn   | Place    | Note
-------+----------+-------------------------------------------
     0 | D:1      | Borgoz the Minotaur Berserker began the quest for the Orb.
     0 | D:1      | Reached XP level 1. HP: 19/19 MP: 0/0
    69 | D:1      | Reached XP level 2. HP: 23/27 MP: 1/1
   221 | D:1      | Reached ** piety under Trog
   276 | D:1      | Reached XP level 3. HP: 33/33 MP: 2/2
   866 | D:2      | Found a faded altar of an unknown god.
   970 | D:2      | Reached XP level 4. HP: 38/40 MP: 3/3
  1415 | D:3      | Noticed p0werm0de's ghost (amateur DsFi)
  1426 | D:3      | Killed p0werm0de's ghost
  1426 | D:3      | Reached skill level 5 in Axes
  1426 | D:3      | Reached XP level 5. HP: 34/47 MP: 4/4
  1525 | D:3      | Reached skill level 5 in Fighting
  1822 | D:3      | Reached *** piety under Trog
  1822 | D:3      | Reached XP level 6. HP: 55/56 MP: 5/5
  2210 | D:3      | Found a basalt altar of Yredelemnul.
  2257 | D:4      | Noticed p0werm0de's ghost (amateur DsFi)
  2275 | D:4      | Killed p0werm0de's ghost
  2518 | D:4      | Reached skill level 5 in Armour
  2518 | D:4      | Reached XP level 7. HP: 46/62 MP: 6/6
  2764 | D:4      | Found a stormy altar of Qazlal.
  2765 | D:4      | Found a white marble altar of Elyvilon.
  2769 | D:4      | Found a shattered altar of Ashenzari.
  2777 | D:4      | Found an opulent altar of Gozag.
  2777 | D:4      | Found an iron altar of Okawaru.
  3308 | D:5      | Entered Level 5 of the Dungeon
  3344 | D:5      | Reached skill level 5 in Dodging
  3683 | D:5      | Got a fine ring mail
  3708 | D:5      | Identified the +5 ring mail "Sewk" {Str+4} (You found it on level 5 of the Dungeon)
  3722 | D:5      | Reached **** piety under Trog
  3755 | D:5      | Found a hazy altar of Hepliaklqana.
  3818 | D:5      | Reached XP level 8. HP: 71/71 MP: 7/7
  4103 | D:5      | Found a staircase to the Ecumenical Temple.
  4268 | Temple   | Entered the Ecumenical Temple
  4424 | D:6      | Found a burning altar of Makhleb.
  5367 | D:7      | Reached XP level 9. HP: 67/81 MP: 8/8
  5641 | D:7      | Found a shimmering altar of Xom.
  5694 | D:7      | Found Umaust's Armour Shop.
  6648 | D:8      | Reached ***** piety under Trog
  6741 | D:8      | Got a polished ring mail
  6758 | D:8      | Identified the cursed +1 ring mail of Experimentation {rCorr Dex+3 Stlth-} (You found it on level 8 of the Dungeon)
  6826 | D:8      | Found a hide-covered altar of Uskayaw.
  7021 | D:8      | Found a shimmering altar of Xom.
  7132 | D:8      | Reached XP level 10. HP: 88/90 MP: 9/9
  7138 | D:8      | Noticed Grum
  7152 | D:8      | Killed Grum
  7548 | D:8      | Noticed Gastronok
  7605 | D:8      | Killed Gastronok
  7605 | D:8      | Reached skill level 10 in Fighting
  7605 | D:8      | Reached skill level 10 in Axes
  7605 | D:8      | Reached skill level 10 in Armour
  8317 | D:9      | Got a pair of warped boots
  8328 | D:9      | Identified the cursed +0 pair of boots of Wu Jian's Displeasure {rN++} (You found it on level 9 of the Dungeon)
  8335 | D:9      | Noticed a two-headed ogre
  8347 | D:9      | Killed a two-headed ogre
  8347 | D:9      | Reached XP level 11. HP: 34/101 MP: 10/10
  8761 | D:9      | Received a gift from Trog
  8865 | D:9      | Found a staircase to the Lair.
  8924 | D:10     | Entered Level 10 of the Dungeon
  8954 | D:10     | Found Uniss's Antique Armour Emporium.
  9054 | D:10     | Reached skill level 1 in Shields
  9405 | D:10     | Reached skill level 10 in Dodging
  9727 | D:10     | Found a stormy altar of Qazlal.
 10024 | D:11     | Noticed Erica
 10033 | D:11     | Killed Erica
 10307 | D:11     | Found a staircase to the Orcish Mines.
 10985 | Lair:1   | Entered Level 1 of the Lair of Beasts
 11782 | D:12     | Received a gift from Trog
 11782 | D:12     | Reached XP level 12. HP: 112/112 MP: 3/11
 11853 | D:12     | Reached skill level 5 in Shields
 12823 | D:13     | Noticed a two-headed ogre
 12824 | D:13     | Noticed a centaur warrior
 12853 | D:13     | Killed a centaur warrior
 12862 | D:13     | Killed a two-headed ogre
 12912 | D:13     | HP: 4/113 [cyan ugly thing (14)]
 12915 | D:13     | Slain by a cyan ugly thing

Vault maps used:
D:1:      dpeg_arrival_windows_large_door, serial_bayou_pond_d,
          minmay_pentomino_z2
D:2:      first_ration, chequers_ecumenical_altar_island, serial_glass,
          glass_columns_a, glass_columns_a, glass_columns_c, glass_columns_b,
          glass_columns_b, glass_columns_c, minmay_distorted
D:3:      lemuel_zombie_altar_yredelemnul, minmay_misc_feat_secret_circle,
          minivault_14
D:4:      minitemple, kennysheep_small_circle
D:5:      old_standard_altar, minmay_temple_entry_fiery, kennysheep_donut
D:6:      makhleb_blood_cavern_becter
D:7:      xom_teletrap_fun, serial_shops, kennysheep_mini_moat
D:8:      eat_drink_and_be_merry_uskayaw, basic_altar,
          hangedman_little_slice_of_home, uniq_gastronok, uniq_grum
D:9:      grunt_lair_entry_orc_guard_hut
D:10:     serial_shops, shop, nicolae_qazlal_eye_of_the_storm
D:11:     orc_0_dummy, grunt_decor_resistance, uniq_erica
D:13:     david_vaults_2
Temple:   nicolae_temple_god_jail
Lair:1:   uniq_fannar

Skill      XL: |  1  2  3  4  5  6  7  8  9 10 11 12 |
---------------+-------------------------------------+-----
Axes           | 4 5 6 7 9 10 11 12 | 12.3
Fighting       | 4 5 6 8 9 10 11 12 | 12.4
Armour         | 3 4 5 6 7 9 10 11 12 | 12.1
Dodging        | 3 4 5 6 8 9 10 11 | 11.2
Shields        | 4 6 |  6.3

Action                   |  1- 3 |  4- 6 |  7- 9 | 10-12 || total
-------------------------+-------+-------+-------+-------++-------
Melee: Hand axe          |    73 |   122 |   396 |   786 ||  1377
       Headbutt          |    12 |    12 |   104 |   242 ||   370
Invok: Berserk           |       |     2 |     2 |    10 ||    14
       Trog's Hand       |       |       |       |     2 ||     2
 Abil: Evoke Berserk Rag |       |       |       |     1 ||     1
  Use: Scroll            |     7 |     4 |     5 |     7 ||    23
       Potion            |       |       |       |    10 ||    10
 Stab: Fleeing           |     1 |       |       |       ||     1
       Sleeping          |     3 |     8 |     6 |       ||    17
       Distracted        |       |     1 |       |       ||     1
  Eat: Chunk             |       |     3 |    17 |    25 ||    45
       Ration            |       |     1 |       |     2 ||     3
Armor: Animal skin       |    22 |    23 |    17 |       ||    62
       Ring mail         |       |       |   100 |   127 ||   227
       Skin              |       |       |       |     6 ||     6
Dodge: Dodged            |    50 |    81 |   288 |   305 ||   724
Block: Large shield      |       |       |   108 |   563 ||   671

Table legend:
 A = Spawn XP
 B = Non-spawn XP
 C = Spawn XP percentage of total XP
 D = Spawn monster count
 E = Non-spawn monster count
 F = Spawn count percentage of total count
 G = Total turns spent on level
                    A         B        C        D         E        F      G
               +---------+---------+-------+---------+---------+-------+---------
         Total |       0 |   29256 |   0.0 |       0 |     391 |   0.0 | 12915
               +---------+---------+-------+---------+---------+-------+---------
           D:1 |       0 |      76 |   0.0 |       0 |      35 |   0.0 |   780
           D:2 |       0 |      43 |   0.0 |       0 |      18 |   0.0 |   621
           D:3 |       0 |     286 |   0.0 |       0 |      28 |   0.0 |   851
           D:4 |       0 |     587 |   0.0 |       0 |      17 |   0.0 |  1056
           D:5 |       0 |     532 |   0.0 |       0 |      23 |   0.0 |  1006
           D:6 |       0 |    1029 |   0.0 |       0 |      27 |   0.0 |   903
           D:7 |       0 |    1173 |   0.0 |       0 |      32 |   0.0 |  1150
           D:8 |       0 |    5263 |   0.0 |       0 |      59 |   0.0 |  1280
           D:9 |       0 |    2811 |   0.0 |       0 |      34 |   0.0 |  1277
          D:10 |       0 |    2596 |   0.0 |       0 |      28 |   0.0 |   951
          D:11 |       0 |    4427 |   0.0 |       0 |      28 |   0.0 |  1116
          D:12 |       0 |    5059 |   0.0 |       0 |      36 |   0.0 |  1486
          D:13 |       0 |    5074 |   0.0 |       0 |      24 |   0.0 |   311
        Lair:1 |       0 |     300 |   0.0 |       0 |       2 |   0.0 |    73
               +---------+---------+-------+---------+---------+-------+---------
